 Dungeon Crawl Stone Soup version 0.31-a0-978-g1e143483b6 (webtiles) character file.

Game seed: 16210021787473856849

169 SigmundSlayer the Ruffian (level 5, 0/44 HPs)
             Began as a Draconian Shapeshifter on Oct 30, 2023.
             Slain by a gnoll
             ... wielding a +1 spear of flaming
             ... led by a gnoll bouda
              (1 damage)
             ... on level 4 of the Dungeon.
             The game lasted 00:04:14 (2205 turns).

SigmundSlayer the Ruffian (Draconian Shapeshifter)  Turns: 2205, Time: 00:04:15

Health: 0/44       AC:  5    Str: 18    XL:     5   Next: 25%
Magic:  5/5        EV: 17    Int: 10    God:
Gold:   148        SH:  0    Dex: 11    Spells: 4/4 levels left

rFire   . .          .
                       - Unarmed
rCold   . . .        (no shield)
rNeg    . . .        (body armour unavailable)
rPois   .            (helmet currently unavailable)
rElec   .            (cloak currently unavailable)
rCorr   .            (gloves currently unavailable)
SInv    .            (boots currently unavailable)
Will    .....        (no amulet)
Stlth   +            h - +5 ring of evasion
HPRegen 0.27/turn    (no ring)
MPRegen 0.09/turn

%: no passive effects
@: beast-form
A: beast (slay +2), AC +5, unfitting armour, cold-blooded
a: Begin Untransformation


You were on level 4 of the Dungeon.
You were a hulking beast.
You visited 1 branch of the dungeon, and saw 4 of its levels.

You collected 148 gold pieces.

Inventory:

Jewellery
 h - a +5 ring of evasion (left hand)
Talismans
 b - a beast talisman (active)
 c - a flux talisman
 m - a blade talisman
Scrolls
 e - 2 scrolls of enchant weapon
 f - 3 scrolls of teleportation {unknown}
 g - a scroll of identify
 i - a scroll of enchant armour {unknown}
 j - a scroll of poison {unknown}
Potions
 d - a potion of brilliance
 n - a potion of might


   Skills:
 + Level 2.9 Fighting
 + Level 2.9 Dodging
 + Level 3.9 Unarmed Combat
 + Level 3.8 Shapeshifting


You had 4 spell levels left.
You didn't know any spells.
Your spell library contained the following spells:

 Spells                   Type           Power      Damage    Failure   Level
 Blink                    Tloc           0%         N/A       50%         2
 Lesser Beckoning         Tloc           0%         N/A       50%         2
 Momentum Strike          Conj/Tloc      0%         3d8       50%         2


Dungeon Overview and Level Annotations

Branches:
Dungeon (4/15)
 Temple: D:4-7

Altars:


Innate Abilities, Weirdness & Mutations

You are a hulking beast.
Your limbs bulge with bestial killing power. (Slay +2)
Your plain brown scales are hard. (AC +5)
You cannot fit into any form of body armour.
You are cold-blooded and may be slowed by cold attacks.


Message History

The gnoll burns you.
* * * LOW HITPOINT WARNING * * *
The gnoll is no longer moving quickly.
The gnoll hits you but does no damage. The gnoll completely misses you.
You are confused.
You feel invigorated. The gnoll hits you but does no damage.
The gnoll completely misses you.
You feel less invigorated.
You feel less confused.
The gnoll hits you from afar with a +1 spear of flaming.
The gnoll burns you. The gnoll hits you but does no damage.
The gnoll hits you from afar with a +1 spear of flaming.
The gnoll burns you.
* * * LOW HITPOINT WARNING * * *
The gnoll hits you but does no damage. The gnoll hits you but does no damage.
Your transformation is almost over.
The gnoll hits you but does no damage. The gnoll hits you but does no damage.
The gnoll hits you but does no damage. The gnoll barely misses you.
The gnoll hits you but does no damage.
You cannot move.
The gnoll hits you from afar with a +1 spear of flaming!
* * * LOW HITPOINT WARNING * * *
The gnoll burns you.
* * * LOW HITPOINT WARNING * * *
The gnoll hits you but does no damage. The gnoll hits you but does no damage.
You feel less wooden.
You turn into a hulking beast.
The gnoll closely misses you.
The gnoll hits you from afar with a +1 spear of flaming.
* * * LOW HITPOINT WARNING * * *
The gnoll burns you.
* * * LOW HITPOINT WARNING * * *
The gnoll hits you from afar with a +1 spear of flaming.
* * * LOW HITPOINT WARNING * * *
The gnoll burns you.
You die...

. .. .g. ....
..... #####g.....
#.g....# #)####.#
#h# #.# #.# #.#
#.#
################.#
.................#
###..###########.#
##...# ###


You could see a gnoll.

Vanquished Creatures
  A howler monkey (D:4)
  A gnoll bouda (D:4)
  Natasha (D:3)
  An adder (D:2)
  2 gnolls (D:4)
  2 worms (D:3)
  2 dart slugs
  5 bats
  2 endoplasms
  A giant cockroach (D:3)
  3 hobgoblins
  2 jackals (D:2)
  5 quokkas
  13 frilled lizards
  2 goblins (D:1)
  2 kobolds
  2 rats (D:3)
47 creatures vanquished.

Notes
Turn   | Place    | Note
-------+----------+-------------------------------------------
     0 | D:1      | SigmundSlayer the Draconian Shapeshifter began the quest
                  | for the Orb.
     0 | D:1      | Reached XP level 1. HP: 16/16 MP: 1/1
   398 | D:1      | Reached XP level 2. HP: 20/23 MP: 2/2
   748 | D:2      | Identified the +1 sling "Fucy" {flame, SInv}
  1060 | D:2      | Reached XP level 3. HP: 25/29 MP: 3/3
  1864 | D:3      | Noticed Natasha
  1870 | D:3      | Killed Natasha
  1871 | D:3      | Reached XP level 4. HP: 30/37 MP: 4/4
  2179 | D:4      | Reached XP level 5. HP: 21/44 MP: 5/5
  2204 | D:4      | HP: 2/44 [gnoll/+1 spear of flaming[a gnoll bouda] (1)]
  2205 | D:4      | Slain by a gnoll

Illustrated notes

Levels and vault maps discovered:
D:1:      minmay_arrival_nine_rooms, layout_rooms, serial_forest,
          infiniplex_forest_lined_corner, infiniplex_forest_end_1,
          infiniplex_forest_straight_2, infiniplex_forest_clump_small,
          infiniplex_forest_clump_medium, infiniplex_forest_lined_room_,
          infiniplex_forest_clump_tiny, infiniplex_forest_clump_small,
          infiniplex_forest_clump_curved, infiniplex_forest_zigzag_2,
          minmay_lizard_pond
D:2:      layout_loops_ring, nicolae_figureground_pulse
D:3:      layout_loops_ring, grunt_ministairs_9, minmay_crystal_room,
          uniq_natasha
D:4:      layout_basic, minmay_temple_entry_waves

Skill      XL: |  1  2 |
---------------+-------+-----
Dodging        | 2 |  2.9
Fighting       | 2 |  2.9
Unarmed Combat | |  3.9
Shapeshifting  | |  3.8

Action                     |  1- 3 |  4- 6 || total
---------------------------+-------+-------++-------
  Melee: Unarmed           |   117 |    48 ||   165
         Tailslap          |    13 |     2 ||    15
         Punch             |     4 |       ||     4
Ability: Begin Untransform |     1 |       ||     1
    Use: Scroll            |       |     5 ||     5
         Potion            |       |     3 ||     3
   Stab: Sleeping          |     2 |       ||     2
 Armour: Skin              |    54 |    60 ||   114
  Dodge: Dodged            |    97 |    27 ||   124
   Form: Beast             |     1 |       ||     1

Table legend: (Time is in decaauts)
 A = Elapsed time spent in this place.
 B = Non-inter-level travel time spent in this place.
 C = Inter-level travel time spent in this place.
 D = Time resting spent in this place.
 E = Time spent auto-exploring this place.
 F = Levels seen in this place.
 G = Mean time per level.
                   A        B        C        D        E       F      G
               +--------+--------+--------+--------+--------+-----+--------+
         Total |   2200 |   2057 |    143 |     30 |   1683 |   4 |  550.0 |
       Dungeon |   2200 |   2057 |    143 |     30 |   1683 |   4 |  550.0 |
               +--------+--------+--------+--------+--------+-----+--------+

Top non-repeatable levels by time:
     D:3: 775 daAuts
     D:1: 725 daAuts
     D:2: 565 daAuts
     D:4: 133 daAuts
